 Dungeon Sprint DCSS version 0.23.2-1-ga50397a6bc (webtiles) character file.

Game seed: 3637849322704279085

12350 Morrissey the Brawler (level 11, -25/126 HPs)
             Began as a Troll Transmuter on May 12, 2019.
             Was the Champion of Makhleb.
             Killed from afar by an ogre mage (37 damage)
             ... with a bolt of fire
             ... in the Dungeon (Sprint IX: "|||||||||||||||||||||||||||||").
             The game lasted 00:04:29 (1039 turns).

Morrissey the Brawler (Troll Transmuter)            Turns: 1039, Time: 00:04:30

Health: -25/126    AC:  9    Str: 20    XL:     11   Next: 61%
Magic:  0/11       EV: 17    Int: 15    God:    Makhleb [******]
Gold:   1273       SH:  0    Dex: 13    Spells: 2/12 levels left

rFire    . . .     SeeInvis .     - Unarmed
rCold    . . .     Gourm    +   (shield currently unavailable)
rNeg     . . .     Faith    .   b - +0 robe
rPois    .         Spirit   .   (helmet restricted)
rElec    .         Reflect  .   n - +0 cloak
rCorr    .         Harm     .   (gloves unavailable)
MR       .....     NoTele   +   (boots unavailable)
Stlth    +.........             (no amulet)
HPRegen  0.71/turn              v - +6 ring of intelligence
MPRegen  0.12/turn              p - +2 ring of protection

@: blade hands
A: large, unfitting armour, claws 3, fast metabolism 3, gourmand, regeneration
1, shaggy fur 1, tough skin 3
a: End Transformation, Minor Destruction, Lesser Servant of Makhleb, Major
Destruction, Greater Servant of Makhleb, Renounce Religion


You were in the Dungeon.
You worshipped Makhleb.
Makhleb was exalted by your worship.
You were very full.
You had blades for hands.
You visited 1 branch You collected 1273 gold pieces.

Inventory:

Missiles
 a - 19 arrows
Armour
 b - a +0 robe (worn)
 n - a +0 cloak (worn)
Jewellery
 o - a +2 ring of evasion
 p - a +2 ring of protection (right scythe-like blade)
 v - a +6 ring of intelligence (left scythe-like blade)
Wands
 m - a wand of acid (10)
Scrolls
 j - 2 scrolls of blinking
 k - 6 scrolls of remove curse
 l - 2 scrolls of amnesia
 r - 2 scrolls of enchant weapon
 s - a scroll of fear
 t - a scroll of fog
 u - 2 scrolls of enchant armour
Potions
 c - a potion of invisibility
 e - 3 potions of curing
 f - 4 potions of heal wounds
 g - a potion of haste
 h - 4 potions of magic
 q - 2 potions of might
Comestibles
 d - 12 rations
 i - 31 chunks of flesh


   Skills:
 + Level 12.9 Fighting
 + Level 12.9 Dodging
 + Level 16.5 Unarmed Combat
 - Level 1.2 Spellcasting
 - Level 8.1 Transmutations


You had 2 spell levels left.
You knew the following spells:

 Your Spells              Type           Power        Failure   Level  Hunger
a - Beastly Appendage     Tmut           ####..       14%         1    ##.....
b - Blade Hands           Tmut           ####......   67%         5    ######.
c - Ice Form              Ice/Tmut       ##......     82%         4    #####..

Your spell library contained the following spells:

 Spells                   Type           Power        Failure   Level  Hunger
 Sticks to Snakes         Tmut           ####....     17%         2    ###....
 Spider Form              Tmut/Pois      ##........   54%         3    ####...


Dungeon Overview and Level Annotations

Branches:
Dungeon (1/1)

Altars:
Cheibriados
Dithmenos
Elyvilon
Fedhas
Gozag
Hepliaklqana
Kikubaaqudgha
Makhleb
Nemelex Xobeh
Okawaru
Qazlal
Ru
Sif Muna
Trog
Uskayaw
Vehumet
Wu Jian
Xom
Yredelemnul
Zin
The Shining One
Beogh
Jiyva
Lugonu

Shops:
D [!*}


Innate Abilities, Weirdness & Mutations

You are too large for most types of armour.
You have claws for hands.
Your metabolism is lightning-fast.
You like to eat raw meat.
Your natural rate of healing is unusually fast.
You are covered in fur. (AC +1)
You have extremely tough skin. (AC +3)


Message History

You kill the deep troll!
Makhleb accepts your kill.
You feel better.
You slice the troll!! Your slash misses the troll.
The troll is heavily wounded.
The ogre mage points at you and mumbles some strange words.
The bolt of fire hits you!
* * * LOW HITPOINT WARNING * * *
The troll bites you.
* * * LOW HITPOINT WARNING * * *
The troll closely misses you. The troll claws you!
* * * LOW HITPOINT WARNING * * *
You shred the troll!!!
You kill the troll!
Makhleb accepts your kill.
You feel better.
The troll leather armour is intact enough to wear.
The ogre mage points at you and mumbles some strange words.
The bolt of fire hits you!!!
You die...

....).'....÷))..[[.)|..'_________
▓▓▓▓▓▓▓▓▓▓▓▓▓▓▓▓▓▓▓▓▓▓▓▓▓▓▓▓▓▓▓▓▓
.................................
▓▓▓▓▓▓▓▓▓▓▓▓▓▓▓▓▓▓▓▓▓▓▓▓▓▓▓▓▓▓▓▓▓
.'..[[[[..')..).......÷'.........
▓▓▓▓▓▓▓▓▓▓▓▓▓▓▓▓▓▓▓▓▓▓▓▓▓▓▓▓▓▓▓▓▓
.................................
▓▓▓▓▓▓▓▓▓▓▓▓▓▓▓▓▓▓▓▓▓▓▓▓▓▓▓▓▓▓▓▓▓
$$$$∩.∩[@.∩$O$)[[.....)))
▓▓▓▓▓▓▓▓▓▓▓▓▓▓▓▓▓▓▓▓▓▓▓▓▓


You could see an ogre mage.

Vanquished Creatures
  An ettin (D)
  3 ogre magi (D)
  An orc high priest (D)
  5 deep trolls (D)
  2 black mambas (D)
  3 spiny frogs (D)
  4 trolls (D)
  3 polar bears (D)
  A hippogriff (D)
  2 yaks (D)
  A hungry ghost (D)
  A water moccasin (D)
  10 orc warriors (D)
  A porcupine (D)
  An ice beast (D)
  An ogre (D)
  A phantom (D)
  6 black bears (D)
  An eye of draining (D)
  A wolf (D)
  A centaur (D)
  4 crocodiles (D)
  3 bullfrogs (D)
  A killer bee (D)
  A howler monkey (D)
  2 orc priests (D)
  2 orc wizards (D)
  2 worker ants (D)
  An adder (D)
  11 orcs (D)
  2 bat skeletons (D)
  A goblin (D)
  A hobgoblin (D)
  A jackal (D)
  A bat (D)
  A rat (D)
84 creatures vanquished.

Vanquished Creatures (collateral kills)
  A spiny frog (D)
1 creature vanquished.

Grand Total: 85 creatures vanquished

Notes
Turn   | Place    | Note
-------+----------+-------------------------------------------
     0 | D        | Morrissey the Troll Transmuter began the quest for the Orb.
     0 | D        | Reached XP level 1. HP: 18/18 MP: 1/1
     8 | D        | Reached skill level 1 in Fighting
    21 | D        | Noticed a phantom
    21 | D        | Noticed a worker ant
    21 | D        | Noticed an ice beast
    25 | D        | Reached XP level 2. HP: 27/27 MP: 2/2
    34 | D        | Killed an ice beast
    34 | D        | Reached skill level 6 in Unarmed Combat
    34 | D        | Reached XP level 3. HP: 25/37 MP: 3/3
    34 | D        | Reached XP level 4. HP: 30/45 MP: 4/4
    37 | D        | Reached skill level 7 in Unarmed Combat
    44 | D        | Killed a phantom
    44 | D        | Reached skill level 5 in Dodging
    44 | D        | Reached skill level 8 in Unarmed Combat
    44 | D        | Reached XP level 5. HP: 28/55 MP: 5/5
   102 | D        | Found a roughly hewn altar of Beogh.
   102 | D        | Found a snail-covered altar of Cheibriados.
   102 | D        | Found a shadowy altar of Dithmenos.
   102 | D        | Found a white marble altar of Elyvilon.
   102 | D        | Found a blossoming altar of Fedhas.
   102 | D        | Found an opulent altar of Gozag.
   103 | D        | Found a hazy altar of Hepliaklqana.
   104 | D        | Found a viscous altar of Jiyva.
   105 | D        | Found an ancient bone altar of Kikubaaqudgha.
   106 | D        | Found a corrupted altar of Lugonu.
   107 | D        | Found a burning altar of Makhleb.
   108 | D        | Found a sparkling altar of Nemelex Xobeh.
   109 | D        | Found an iron altar of Okawaru.
   110 | D        | Found a stormy altar of Qazlal.
   111 | D        | Found a sacrificial altar of Ru.
   112 | D        | Found a deep blue altar of Sif Muna.
   113 | D        | Found a bloodstained altar of Trog.
   114 | D        | Found a hide-covered altar of Uskayaw.
   115 | D        | Became a worshipper of Makhleb the Destroyer
   116 | D        | Found a radiant altar of Vehumet.
   117 | D        | Found an ornate altar of the Wu Jian Council.
   118 | D        | Found a shimmering altar of Xom.
   119 | D        | Found a basalt altar of Yredelemnul.
   120 | D        | Found a glowing silver altar of Zin.
   121 | D        | Found a glowing golden altar of the Shining One.
   159 | D        | Noticed an orc warrior
   159 | D        | Noticed an ogre
   164 | D        | Killed an ogre
   164 | D        | Reached skill level 5 in Fighting
   164 | D        | Reached skill level 9 in Unarmed Combat
   164 | D        | Reached XP level 6. HP: 60/66 MP: 6/6
   170 | D        | Killed an orc warrior
   170 | D        | Reached * piety under Makhleb
   170 | D        | Reached skill level 10 in Unarmed Combat
   190 | D        | Reached ** piety under Makhleb
   190 | D        | Reached skill level 11 in Unarmed Combat
   190 | D        | Reached XP level 7. HP: 75/75 MP: 7/7
   215 | D        | Learned a level 5 spell: Blade Hands
   216 | D        | Noticed a hungry ghost
   227 | D        | Reached *** piety under Makhleb
   236 | D        | Killed a hungry ghost
   396 | D        | Noticed a black mamba
   396 | D        | Noticed a spiny frog
   399 | D        | Reached XP level 8. HP: 87/87 MP: 8/8
   400 | D        | Noticed a spiny frog
   401 | D        | Reached **** piety under Makhleb
   401 | D        | Noticed a spiny frog
   412 | D        | Reached skill level 12 in Unarmed Combat
   420 | D        | HP: 4/88 [spiny frog (12)]
   423 | D        | Killed a spiny frog
   428 | D        | HP: 2/88 [black mamba (12)]
   433 | D        | HP: 3/88 [black mamba (6)]
   439 | D        | Killed a spiny frog
   439 | D        | Reached skill level 5 in Transmutations
   440 | D        | Killed a black mamba
   440 | D        | Reached ***** piety under Makhleb
   447 | D        | Killed a spiny frog
   447 | D        | Reached XP level 9. HP: 60/97 MP: 9/9
   483 | D        | Learned a level 4 spell: Ice Form
   532 | D        | Noticed a black mamba
   532 | D        | Noticed a spiny frog
   534 | D        | Killed a spiny frog
   534 | D        | Reached skill level 13 in Unarmed Combat
   536 | D        | Killed a black mamba
   550 | D        | Reached ****** piety under Makhleb
   576 | D        | Noticed a polar bear
   576 | D        | Noticed a polar bear
   576 | D        | Noticed a polar bear
   581 | D        | Killed a polar bear
   585 | D        | Reached skill level 10 in Dodging
   590 | D        | Killed a polar bear
   590 | D        | Reached skill level 10 in Fighting
   590 | D        | Reached XP level 10. HP: 86/110 MP: 4/10
   603 | D        | Reached skill level 14 in Unarmed Combat
   781 | D        | Noticed an ettin
   799 | D        | Killed an ettin
   879 | D        | Noticed an orc high priest
   889 | D        | Noticed a rust devil
   890 | D        | Killed an orc high priest
   977 | D        | Found Xaitt's Gadget Boutique.
   977 | D        | Noticed a deep troll
   977 | D        | Noticed a deep troll
   977 | D        | Noticed an ogre mage
   978 | D        | Noticed an ogre mage
   980 | D        | Noticed an ogre mage
   983 | D        | Killed an ogre mage
   983 | D        | Reached skill level 15 in Unarmed Combat
   987 | D        | Killed a deep troll
   987 | D        | Reached XP level 11. HP: 103/123 MP: 0/11
   992 | D        | Killed a deep troll
   995 | D        | Found Etein's General Store.
   995 | D        | Noticed an ogre mage
   998 | D        | Killed an ogre mage
  1001 | D        | Killed an ogre mage
  1001 | D        | Reached skill level 16 in Unarmed Combat
  1003 | D        | Found Tumaqo's Distillery.
  1005 | D        | Found Ycoicex's Antique Armour Shop.
  1006 | D        | Noticed a deep troll
  1008 | D        | Noticed a deep troll
  1009 | D        | Noticed a deep troll
  1023 | D        | Killed a deep troll
  1030 | D        | HP: 3/124 [deep troll (12)]
  1033 | D        | Killed a deep troll
  1036 | D        | Killed a deep troll
  1037 | D        | HP: 1/126 [troll (11)]
  1039 | D        | Killed from afar by an ogre mage

Skill      XL: |  1  2  3  4  5  6  7  8  9 10 11 |
---------------+----------------------------------+-----
Fighting       | 1 3 4 5 6 7 8 10 11 12 | 12.9
Dodging        | 2 3 5 6 7 8 10 11 12 | 12.9
Unarmed Combat | 6 8 9 11 12 13 15 16 | 16.5
Transmutations | 3 5 7 8 |  8.1
Spellcasting   | |  1.2

Action                   |  1- 3 |  4- 6 |  7- 9 | 10-12 || total
-------------------------+-------+-------+-------+-------++-------
Melee: Unarmed           |    22 |    35 |    89 |   130 ||   276
       Punch             |     1 |       |     5 |     4 ||    10
 Cast: Beastly Appendage |     1 |       |       |       ||     1
       Blade Hands       |       |       |     1 |     4 ||     5
Invok: Lesser Servant of |       |       |     1 |       ||     1
  Use: Potion            |       |       |     6 |       ||     6
  Eat: Chunk             |       |       |    13 |     5 ||    18
Armor: Robe              |    12 |     6 |    15 |    25 ||    58
Dodge: Dodged            |    10 |    20 |    52 |    84 ||   166
